 Dungeon Crawl Stone Soup version 0.30-a0-321-gf7783e6616 (webtiles) character file.

Game seed: 16810048498290413966

105 Babtu the Grave Robber (level 4, -2/24 HPs)
             Began as a Deep Elf Necromancer on Oct 27, 2022.
             Constricted to death by Ijyb (6 damage)
             ... on level 3 of the Dungeon.
             The game lasted 00:17:14 (2156 turns).

Babtu the Grave Robber (Deep Elf Necromancer)       Turns: 2156, Time: 00:17:15

Health: -2/24      AC:  2    Str:  5    XL:     4   Next: 54%
Magic:  12/12      EV:  9    Int: 22    God:
Gold:   70         SH:  0    Dex: 15    Spells: 2/11 levels left

rFire   . . .      SeeInvis .    l - +2 dagger (pain)
rCold   . . .      Faith    .    p - orb {light}
rNeg    . . .      Spirit   .    a - +0 robe
rPois   .          Reflect  .    (no helmet)
rElec   .          Harm     .    (no cloak)
rCorr   .          Rampage  .    (no gloves)
Will    .....                    (no boots)
Stlth   +.........               j - amulet of magic regeneration
HPRegen 0.24/turn                (no ring)
MPRegen 0.53/turn                (no ring)

@: grasped by roots, glowing, constricted
A: no striking features
a: no special abilities


You were on level 3 of the Dungeon.
You visited 1 branch of the dungeon, and saw 3 of its levels.

You collected 114 gold pieces.
You spent 44 gold pieces at shops.

Inventory:

Hand Weapons
 l - a +2 dagger of pain (weapon)
Missiles
 k - 4 poisoned darts (quivered)
Armour
 a - a +0 robe (worn)
 p - an orb of light (worn)
Jewellery
 j - an amulet of magic regeneration (around neck)
 m - a ring of protection from cold
Scrolls
 f - a scroll of magic mapping {unknown}
 g - a scroll of fear
 i - a scroll of vulnerability
 n - 4 scrolls of amnesia
 o - a scroll of enchant weapon {unknown}
Potions
 b - 2 potions of magic
 c - a potion of resistance
 d - a potion of curing {unknown}
 e - 2 potions of cancellation {unknown}
 h - a potion of might {unknown}


   Skills:
 - Level 2.4 Dodging
 - Level 2.4 Stealth
 + Level 4.4 Spellcasting
 * Level 6.5 Necromancy


You had 2 spell levels left.
You knew the following spells:

 Your Spells              Type           Power      Damage    Failure   Level
a - Necrotise             Necr           100%       1d9       1%          1
b - Animate Dead          Necr           33%        N/A       7%          4
c - Dispel Undead         Necr           33%        3d14      7%          4

Your spell library contained the following spells:

 Spells                   Type           Power      Damage    Failure   Level
 Kiss of Death            Conj/Necr      76%        2d11      2%          1
 Cigotuvi's Dreadful Rot  Necr/Pois/Air  28%        N/A       7%          2
 Poisonous Vapours        Pois/Air       8%         N/A       16%         2
 Vampiric Draining        Necr           33%        2d8       2%          3
 Agony                    Necr           33%        N/A       21%         5
 Confusing Touch          Hex            4%         N/A       32%         3
 Mephitic Cloud           Conj/Pois/Air  4%         N/A       32%         3


Dungeon Overview and Level Annotations

Branches:
Dungeon (3/15)

Altars:
The Shining One

Shops:
D:2 *

Annotations:
D:3 Ijyb, Robin


Message History

The grasping roots grab you! The grasping roots constrict you.
You hear an angry hiss.
There is an open door here.
You escape the roots grasp.
There is a fountain of clear blue water here.
There is an open door here.
Casting: Necrotise (safe; 1% risk of failure)
Confirm with . or Enter, or press ? or * to list all spells.
Aiming: Necrotise (safe; 1% risk of failure)
Press: ? - help, Shift-Dir - straight line, f/p - Ijyb
Aim: Ijyb, wielding a +0 club, wearing a +0 leather armour and carrying a wand of roots (10) (moderately wounded, haloed, chance to affect: 88%) Ijyb writhes in agony!
Casting: Necrotise (safe; 1% risk of failure)
Confirm with . or Enter, or press ? or * to list all spells.
Aiming: Necrotise (safe; 1% risk of failure)
Press: ? - help, Shift-Dir - straight line, f/p - Ijyb
Aim: Ijyb, wielding a +0 club, wearing a +0 leather armour and carrying a wand of roots (10) (severely wounded, haloed, chance to affect: 88%) Ijyb writhes in agony.
Ijyb zaps a wand.
The roots erupt in riotous growth!
The grasping roots grab you!
Ijyb is unaffected.
The grasping roots constrict you!
You hear an angry hiss.
Unknown command.
You escape the roots grasp.
Ijyb attacks as you move away! Ijyb closely misses you.
Ijyb zaps a wand.
The roots erupt in riotous growth!
The grasping roots grab you! The grasping roots constrict you.
Casting: Necrotise (safe; 1% risk of failure)
Confirm with . or Enter, or press ? or * to list all spells.
Aiming: Necrotise (safe; 1% risk of failure)
Press: ? - help, Shift-Dir - straight line, f/p - Ijyb
Aim: Ijyb, wielding a +0 club, wearing a +0 leather armour and carrying a wand of roots (8) (severely wounded, haloed, chance to affect: 88%) Ijyb barely resists.
The grasping roots constrict you.
* * * LOW HITPOINT WARNING * * *
You escape the roots grasp.
Ijyb zaps a wand.
The roots erupt in riotous growth!
The grasping roots grab you! The grasping roots constrict you.
You die... ### #<# #@# #..g. #.# #.g.. #g####### .$.g #gg.....# ggg

####'####.# #g.
#.......# #..
#.g...⌠.#
#.##g####g......#
#...gg.g'...⌠...+


You could see Ijyb, a hobgoblin and a goblin.

Vanquished Creatures
  3 adders (D:2)
  2 worms (D:2)
  3 dart slugs
  6 ball pythons
  2 bats (D:2)
  4 endoplasms (D:1)
  9 goblins
  A hobgoblin (D:1)
  8 jackals (D:1)
  5 kobolds (D:1)
  A quokka (D:2)
  3 frilled lizards (D:1)
  A goblin zombie (D:3)
  A kobold skeleton (D:3)
  2 orc skeletons (D:3)
  4 rats
55 creatures vanquished.

Vanquished Creatures (collateral kills)
  A dart slug (D:2)
  2 endoplasms (D:2)
  A goblin (D:1)
  A frilled lizard (D:2)
  2 kobolds
7 creatures vanquished.

Vanquished Creatures (others)
  3 plants (D:2)
3 creatures vanquished.

Grand Total: 65 creatures vanquished

Notes
Turn   | Place    | Note
-------+----------+-------------------------------------------
     0 | D:1      | Babtu the Deep Elf Necromancer began the quest for the Orb.
     0 | D:1      | Reached XP level 1. HP: 10/10 MP: 6/6
    19 | D:1      | Reached skill level 5 in Necromancy
   163 | D:1      | Reached XP level 2. HP: 15/15 MP: 4/8
   724 | D:1      | Reached XP level 3. HP: 19/19 MP: 7/10
  1393 | D:2      | Found Haat's Assorted Antiques.
  1459 | D:2      | Reached skill level 6 in Necromancy
  1521 | D:2      | Reached XP level 4. HP: 24/24 MP: 10/12
  1540 | D:2      | Learned a level 4 spell: Animate Dead
  1762 | D:2      | You fall into a shaft and drop 1 floor!
  1773 | D:3      | Learned a level 4 spell: Dispel Undead
  1784 | D:3      | Found a glowing golden altar of the Shining One.
  1949 | D:2      | Bought a scroll of identify for 44 gold pieces
  2140 | D:3      | Noticed Robin
  2140 | D:3      | Noticed Ijyb
  2156 | D:3      | Constricted to death by Ijyb

Illustrated notes

Levels and vault maps discovered:
D:1:      dpeg_arrival_central, layout_loops_corners, corner_web_ring
D:2:      layout_rooms, serial_shops, nicolae_shop_overgrown_old_shop,
          grunt_ministairs_10, chequers_serial_rivers_room_a
D:3:      layout_basic, nicolae_tso_besieged_by_evil,
          grunt_temple_overflow_champion_of_chaos,
          shapermc_ecumenical_altar_mp_urbaneastern,
          kennysheep_decorative_pillar, minmay_fountain_box, uniq_sigmund,
          uniq_robin, uniq_jessica, uniq_ijyb

Skill      XL: |  1  2  3 |
---------------+----------+-----
Necromancy     | 5 6 |  6.5
Spellcasting   | 4 |  4.4
Dodging        | |  2.4
Stealth        | |  2.4

Action                   |  1- 3 |  4- 6 || total
-------------------------+-------+-------++-------
Melee: Unarmed           |     2 |       ||     2
Throw: Dart              |       |     1 ||     1
 Cast: Necrotise         |    64 |    33 ||    97
       Dispel Undead     |       |     4 ||     4
  Use: Scroll            |     3 |     1 ||     4
Armor: Robe              |     1 |     2 ||     3
Dodge: Dodged            |    11 |     7 ||    18

Table legend: (Time is in decaauts)
 A = Elapsed time spent in this place.
 B = Non-inter-level travel time spent in this place.
 C = Inter-level travel time spent in this place.
 D = Time resting spent in this place.
 E = Time spent auto-exploring this place.
 F = Levels seen in this place.
 G = Mean time per level.
                   A        B        C        D        E       F      G
               +--------+--------+--------+--------+--------+-----+--------+
         Total |   2155 |   2027 |    128 |     10 |   1534 |   3 |  718.3 |
       Dungeon |   2155 |   2027 |    128 |     10 |   1534 |   3 |  718.3 |
               +--------+--------+--------+--------+--------+-----+--------+

Top non-repeatable levels by time:
     D:1: 1385 daAuts
     D:2: 634 daAuts
     D:3: 135 daAuts
